Selects Canadian Shock Battlegroup
Construct Section Command Post
Construct Platoon Command Post
Selects Canadian Shock Section
Unlock M3 Stuart Light Tanks
Selects Incendiary Munitions
Construct Company Command Post
Unlock Towed 17-pounder Anti-tank Guns
17-pounder Anti-tank Gun Team
17-pounder Anti-tank Gun Team
Selects Churchill Crocodile Heavy Tank
Churchill Crocodile Heavy Tank
Churchill Crocodile Heavy Tank